 Dungeon Crawl Stone Soup version 0.31-a0-1237-gabc64e778c (webtiles) character file.

Game seed: 10001765011115050218

33128 Iich the Slicer (level 13, -2/108 HPs)
             Began as a Demonspawn Fighter on Dec 15, 2023.
             Was an Initiate of Gozag.
             Succumbed to a swamp dragon's poison gas
             ... on level 2 of the Lair of Beasts.
             The game lasted 00:32:54 (13318 turns).

Iich the Slicer (Demonspawn Fighter)               Turns: 13318, Time: 00:32:57

Health: -2/108     AC: 14    Str: 21    XL:     13   Next: 35%
Magic:  5/13       EV: 18    Int:  8    God:    Gozag
Gold:   3341       SH:  4    Dex: 21    Spells: 12/12 levels left

rFire   + . .        p - +8 pair of quick blades "Gyre" and "Gimble" {protect}
rCold   . . .        (shield currently unavailable)
rNeg    . . .        v - +6 scale mail "Imakh" {Dex+3}
rPois   .            (no helmet)
rElec   .            (cloak unavailable)
rCorr   .            H - +0 pair of gloves of the Locust {Dex+4}
SInv    .            (no boots)
Will    .....        O - amulet of magic regeneration
Stlth   +++++        E - +5 ring of evasion
HPRegen 0.38/turn    F - ring of protection from fire
MPRegen 0.66/turn

%: guardian spirit
@: brilliant, lethally poisoned (-2 -> -41), about to teleport
A: magic shield, magic regeneration, sturdy frame 2, condensation shield,
weakness stinger 3
a: Renounce Religion, Potion Petition, Call Merchant, Bribe Branch


You were on level 2 of the Lair of Beasts.
You worshipped Gozag.
Gozag was most pleased with you.
You visited 3 branches of the dungeon, and saw 15 of its levels.

You collected 3389 gold pieces.
You paid 48 gold pieces to Gozag.

Inventory:

Hand Weapons
 a - a +0 war axe
 p - the +8 pair of quick blades "Gyre" and "Gimble" (weapon) {protect}
   (You found it on level 3 of the Dungeon)
Missiles
 s - 6 throwing nets
Armour
 e - a +0 kite shield
 v - the +6 scale mail "Imakh" (worn) {Dex+3}
   (You found it on level 6 of the Dungeon)

   Dex+3:     It affects your dexterity (+3).
 x - the +3 hat of Pondering {ponderous, Will+ MP+10 Int+5}
   (You took it off Gastronok on level 1 of the Lair of Beasts)

   Int+5:     It affects your intelligence (+5).
   Will+:     It increases your willpower.
   MP+10:     It affects your magic capacity (+10).
 H - the +0 pair of gloves of the Locust (worn) {Dex+4}
   (You found it on level 10 of the Dungeon)

   Dex+4:     It affects your dexterity (+4).
Jewellery
 E - a +5 ring of evasion (left hand)
 F - a ring of protection from fire (right hand)
 I - a ring of protection from cold
 O - an amulet of magic regeneration (around neck)
Talismans
 n - a beast talisman
 z - a blade talisman
 A - a serpent talisman
 K - a dragon-blood talisman
Wands
 r - a wand of polymorph (9)
 B - a wand of iceblast (26)
 D - a wand of digging (4)
Scrolls
 d - 3 scrolls of immolation
 i - a scroll of blinking {unknown}
 j - a scroll of noise
 k - 2 scrolls of brand weapon
 l - 2 scrolls of poison
 t - a scroll of teleportation
 u - 2 scrolls of enchant weapon
 C - 2 scrolls of revelation
 G - 2 scrolls of fog
 M - a scroll of silence
 N - a scroll of enchant armour
Potions
 b - a potion of attraction {unknown}
 c - a potion of mutation
 f - a potion of berserk rage {unknown}
 h - a potion of enlightenment {unknown}
 m - a potion of invisibility
 o - a potion of magic
 y - a potion of lignification
 L - a potion of haste {unknown}
Miscellaneous
 J - a phantom mirror


   Skills:
 + Level 12.0 Fighting
 - Level 14.0 Short Blades
 - Level 3.6 Axes
 + Level 3.8 Armour
 + Level 3.3 Dodging
 + Level 11.3 Stealth
 + Level 3.8 Shields
 - Level 0.2 Shapeshifting


You had 12 spell levels left.
You didn't know any spells.
Your spell library contained the following spells:

 Spells                   Type           Power      Damage    Failure   Level
 Freeze                   Ice            0%         1d3       52%         1
 Magic Dart               Conj           0%         1d3       52%         1
 Blink                    Tloc           0%         N/A       67%         2
 Call Imp                 Summ           0%         N/A       67%         2
 Frozen Ramparts          Ice            0%         1d1       88%         3
 Hailstorm                Conj/Ice       0%         3d5       88%         3
 Inner Flame              Hex/Fire       0%         N/A       88%         3
 Mephitic Cloud           Conj/Pois/Air  0%         N/A       88%         3
 Flame Wave               Conj/Fire      0%         2d4       99%         4
 Manifold Assault         Tloc           0%         N/A       99%         4
 Olgreb's Toxic Radiance  Pois           0%         N/A       99%         4
 Sticky Flame             Conj/Fire      0%         2d3       99%         4
 Dispersal                Tloc           0%         N/A       100%        6
 Discord                  Hex            0%         N/A       100%        8
 Disjunction              Tloc           0%         N/A       100%        8
 Ignition                 Fire           0%         3d3       100%        8


Dungeon Overview and Level Annotations

Branches:
Dungeon (11/15)            Temple (1/1) D:4            Lair (3/5) D:8
  Swamp (0/4) Lair:2        Snake (0/4) Lair:2
    Orc: D:9-12

Altars:
Ashenzari
Cheibriados
Dithmenos
Fedhas
Gozag
Hepliaklqana
Kikubaaqudgha
Makhleb
Nemelex Xobeh
Okawaru
Qazlal
Ru
Sif Muna
Trog
Uskayaw
Vehumet
Wu Jian
Xom
Yredelemnul


Innate Abilities, Weirdness & Mutations

When hurt, damage is shared between your health and your magic reserves.
You regenerate magic rapidly.
Your movements are less encumbered by armour. (ER -4)
A meltable shield of frost defends you. (SH +4)
You have a sharp stinger which inflicts weakening toxins.


Message History

The swamp dragon bites you but does no damage.
The swamp dragon completely misses you.
The swamp dragon tramples you but does no damage.
You take 11 damage, and have 16/108 hp.
You now have 8/13 mp.
You feel better. You block the swamp dragon's attack.
The swamp dragon barely misses you. The swamp dragon completely misses you.
You regained 12 hp, and now have 28/108 hp.
The swamp dragon attacks as it pursues you!
The swamp dragon closely misses you. The swamp dragon misses you.
The swamp dragon barely misses you.
The swamp dragon breathes poison at you.
The blast of poison misses you.
Okay, then.
Read: scroll of fear
Press: ? - help, Q - select action, (/) - cycle Dir - look around, f - activate Look: a swamp dragon (severely wounded, catching its breath, weak, chance to affect: 90%)
As you read the scroll of fear, it crumbles to dust.
You assume a fearsome visage.
The swamp dragon easily resists.
You are engulfed in poison gas.
You are poisoned.
* * * LOW HITPOINT WARNING * * *
You feel very sick.
You take 6 damage, and have 22/108 hp.
You now have 9/13 mp.
As you read the scroll of teleportation, it crumbles to dust.
You feel strangely unstable.
You are engulfed in poison gas.
You are lethally poisoned!
* * * LOW HITPOINT WARNING * * *
x2 You feel very sick.
The swamp dragon closely misses you. x2
The swamp dragon tramples you but does no damage.
You take 11 damage, and have 11/108 hp.
You now have 6/13 mp.
Okay, then.
It was a potion of brilliance.
You feel clever all of a sudden.
You are engulfed in poison gas.
You are more poisoned.
* * * LOW HITPOINT WARNING * * *
You die...
Your body crumbles into a pile of gold.

#.............P## #..##
##..#.......#######.##.
##...##....### ##.##...
#....#.#..#######P......
#....#..........<.......
##......................
#......................
##...○☼°○......#........
##..♣..D@°...###.........
###.♣♣♣$..☼○..<.###........
##...♣~~♣♣♣♣.....# #........
#.#.♣♣~~PP♣♣♣....# ##.......
##....♣P~P~♣♣♣...###........
#....♣P○~°~♣♣♣...P##^......
##...♣♣P°~~♣ ♣....##.###...
#...♣♣♣~~§§♣♣...##### ####
##....♣♣♣♣§§♣♣....#


You could see a swamp dragon (catching breath, weak).

Vanquished Creatures
  Gastronok (Lair:1)
  Harold (D:9)
  5 two-headed ogres
  A skyshark (Lair:3)
  Pikel (D:5)
  A manticore (D:11)
  9 elephants
  A black mamba (Lair:2)
  Joseph (D:10)
  Maggie (D:9)
  5 cane toads
  Jeremiah (D:7)
  8 komodo dragons
  4 rime drakes (Lair:1)
  A polar bear (Lair:2)
  2 trolls
  A hornet (D:9)
  5 blink frogs (Lair:2)
  7 spriggans (Lair:1)
  37 yaks
  3 shadows
  A wraith (D:10)
  7 wyverns
  2 basilisks
  Grum (D:9)
  4 vampire mosquitoes (D:11)
  2 wargs (D:8)
  Duvessa (D:5)
  A swamp drake (Lair:2)
  18 water moccasins
  4 orc warriors
  An ice beast (D:6)
  A black bear (Lair:2)
  14 wolves
  4 centaurs
  A lemure (D:5)
  3 kobold brigands
  12 bullfrogs
  A gnoll sergeant (D:9)
  A scorpion (D:4)
  Dowan (D:5)
  12 killer bees
  2 howler monkeys
  An electric eel (D:8)
  2 jellies
  7 orc priests
  2 hounds
  3 iguanas
  Terence (D:2)
  15 orc wizards
  2 sleepcaps
  8 gnolls
  6 adders
  2 white imps
  4 worms (D:2)
  2 dart slugs
  55 orcs
  5 bats
  6 endoplasms
  5 giant cockroaches
  4 goblins
  7 hobgoblins
  9 jackals
  A quokka (D:1)
  10 ball pythons
  4 frilled lizards
  19 kobolds
  5 rats
375 creatures vanquished.

Vanquished Creatures (collateral kills)
  Erica (Lair:1)
1 creature vanquished.

Grand Total: 376 creatures vanquished

Notes
Turn   | Place    | Note
-------+----------+-------------------------------------------
     0 | D:1      | Iich the Demonspawn Fighter began the quest for the Orb.
     0 | D:1      | Reached XP level 1. HP: 18/18 MP: 1/1
   173 | D:1      | Gained mutation: You have a small tail. [demonic ancestry]
   173 | D:1      | Reached XP level 2. HP: 16/24 MP: 2/2
   495 | D:1      | Found a faded altar of an unknown god.
   515 | D:1      | Reached skill level 1 in Dodging
   517 | D:1      | Reached XP level 3. HP: 17/29 MP: 3/3
  1139 | D:2      | Noticed Terence
  1153 | D:2      | Killed Terence
  1154 | D:2      | Reached XP level 4. HP: 25/36 MP: 4/4
  1562 | D:3      | Gained mutation: A meltable shield of frost defends you.
                  | (SH +4) [demonic ancestry]
  1562 | D:3      | Reached XP level 5. HP: 36/42 MP: 5/5
  2137 | D:3      | Found the +8 pair of quick blades "Gyre" and "Gimble"
                  | {protect}
  2722 | D:4      | Reached skill level 1 in Short Blades
  2876 | D:4      | Found a staircase to the Ecumenical Temple.
  2881 | D:4      | Reached skill level 1 in Stealth
  2885 | Temple   | Entered the Ecumenical Temple
  3174 | Temple   | Became a worshipper of Gozag Ym Sagoz the Greedy
  3237 | D:4      | Gained mutation: Your movements are slightly less
                  | encumbered by armour. (ER -2) [demonic ancestry]
  3237 | D:4      | Reached XP level 6. HP: 48/48 MP: 6/6
  3269 | D:4      | Reached skill level 2 in Short Blades
  3492 | D:5      | Entered Level 5 of the Dungeon
  3838 | D:5      | Found a sparkling altar of Nemelex Xobeh.
  4152 | D:5      | Noticed Pikel
  4164 | D:5      | Killed Pikel
  4165 | D:5      | Reached skill level 5 in Fighting
  4165 | D:5      | Reached skill level 4 in Short Blades
  4165 | D:5      | Reached XP level 7. HP: 43/56 MP: 7/7
  4444 | D:6      | Noticed Dowan
  4448 | D:6      | Noticed Duvessa
  4468 | D:5      | Killed Dowan
  4474 | D:5      | Killed Duvessa
  4475 | D:5      | Reached XP level 8. HP: 18/63 MP: 8/8
  4748 | D:5      | Reached skill level 5 in Short Blades
  5187 | D:6      | Found a stormy altar of Qazlal.
  5238 | D:6      | Identified the +6 scale mail "Imakh" {Dex+3}
  5583 | D:7      | Noticed a troll
  5646 | D:6      | Killed a troll
  5647 | D:6      | Reached skill level 6 in Short Blades
  5923 | D:7      | Found a shadowy altar of Dithmenos.
  5930 | D:7      | Reached skill level 5 in Stealth
  5932 | D:7      | Gained mutation: You have a tail ending in a sharp stinger.
                  | [demonic ancestry]
  5932 | D:7      | Reached XP level 9. HP: 71/71 MP: 9/9
  6004 | D:7      | Reached skill level 7 in Short Blades
  6339 | D:7      | Noticed Jeremiah
  6341 | D:7      | Killed Jeremiah
  6599 | D:8      | Reached skill level 8 in Short Blades
  7258 | D:8      | Found a staircase to the Lair.
  7405 | D:9      | Noticed Maggie
  7455 | D:9      | Gained mutation: You have a sharp stinger which inflicts
                  | weakening toxins. [demonic ancestry]
  7455 | D:9      | Reached XP level 10. HP: 80/80 MP: 10/10
  7490 | D:9      | Identified the +8 scimitar of Nefaib {holy, rPois}
  7511 | D:9      | Killed Maggie
  7546 | D:9      | Noticed Harold
  7555 | D:9      | Killed Harold
  7555 | D:9      | Noticed Grum
  7556 | D:9      | Reached skill level 9 in Short Blades
  7570 | D:9      | Killed Grum
  7637 | D:10     | Entered Level 10 of the Dungeon
  7811 | D:10     | Reached skill level 10 in Short Blades
  8016 | D:9      | Noticed Joseph
  8031 | D:10     | Killed Joseph
  8489 | D:10     | Noticed a two-headed ogre
  8492 | D:10     | Killed a two-headed ogre
  8493 | D:10     | Gained mutation: Your movements are less encumbered by
                  | armour. (ER -4) [demonic ancestry]
  8493 | D:10     | Reached XP level 11. HP: 89/89 MP: 11/11
  8642 | D:10     | Found an iron altar of Okawaru.
  8796 | D:10     | Noticed a two-headed ogre
  8803 | D:10     | Killed a two-headed ogre
  8825 | D:10     | Reached skill level 11 in Short Blades
  8904 | D:10     | Identified the +0 pair of gloves of the Locust {Dex+4}
  9385 | D:11     | Noticed a two-headed ogre
  9392 | D:11     | Killed a two-headed ogre
  9717 | D:11     | Noticed a two-headed ogre
  9726 | D:11     | Killed a two-headed ogre
  9727 | D:11     | Reached skill level 10 in Fighting
  9791 | D:11     | Noticed a two-headed ogre
  9796 | D:11     | Killed a two-headed ogre
  9797 | D:11     | Reached skill level 12 in Short Blades
 10362 | Lair:1   | Entered Level 1 of the Lair of Beasts
 10384 | Lair:1   | Gained mutation: You regenerate magic rapidly. [demonic
                  | ancestry]
 10384 | Lair:1   | Reached XP level 12. HP: 95/98 MP: 12/12
 10468 | Lair:1   | Noticed Erica
 10597 | Lair:1   | Killed Erica
 10889 | Lair:1   | Reached skill level 10 in Stealth
 11003 | Lair:1   | Noticed Gastronok
 11046 | Lair:1   | Killed Gastronok
 11047 | Lair:1   | Reached skill level 13 in Short Blades
 12267 | Lair:2   | Reached skill level 14 in Short Blades
 12303 | Lair:2   | Gained mutation: When hurt, damage is shared between your
                  | health and your magic reserves. [demonic ancestry]
 12303 | Lair:2   | Reached XP level 13. HP: 106/106 MP: 13/13
 12379 | Lair:2   | You fall into a shaft and drop 1 floor!
 12702 | Lair:2   | Found a staircase to the Snake Pit.
 13277 | Lair:2   | Found a staircase to the Swamp.
 13318 | Lair:2   | Succumbed to a swamp dragon's poison gas

Illustrated notes

Levels and vault maps discovered:
D:1:      matt_arrival_spirals, layout_basic, hellmonk_ecumenical_altar_run_dry
D:2:      layout_rooms, uniq_terence
D:3:      layout_loops_ring, serial_rivers, chequers_serial_rivers_room_a,
          chequers_serial_rivers_micro_c, chequers_serial_rivers_micro_c,
          chequers_serial_rivers_micro_a, chequers_serial_rivers_room_a
D:4:      layout_basic, minmay_temple_entry_stoned_glass
D:5:      layout_gridville, lemuel_tele_altar, mainiacjoe_overflow_catwalk,
          uniq_pikel
D:6:      layout_rooms, mainiacjoe_overflow_paths, serial_aquarium,
          aquarium_bridge_long_separate [aquarium_subvault_bridge,
          aquarium_subvault_bridge, aquarium_subvault_bridge,
          aquarium_subvault_bridge, aquarium_subvault_bridge,
          aquarium_subvault_bridge], aquarium_bridge_straight
          [aquarium_subvault_bridge, aquarium_subvault_balcony,
          aquarium_subvault_bridge, aquarium_subvault_window],
          aquarium_window_1, aquarium_window_corridor_1, aquarium_view_2d,
          aquarium_view_2e, aquarium_balcony_1b, uniq_duvessa
D:7:      layout_basic, nicolae_dithmenos_through_a_glass_darkly, nrook_uturn,
          uniq_jeremiah
D:8:      layout_loops_ring, nicolae_elyvilon_temple_path,
          erik_lair_orcish_takeover
D:9:      layout_cave_pools, uniq_maggie, uniq_joseph, uniq_grum, uniq_harold
D:10:     layout_loops_corners, general_overflow_altar
D:11:     layout_gridville
Temple:   eino_temple_scatter_basement
Lair:1:   kb_forest_paths, layout_long_grid, hangedman_lair_unloving_vines,
          beast_lair_carwin_3, uniq_erica, uniq_gastronok
Lair:2:   layout_cave_pods, mainiacjoe_swamp_entry_lozenge_pond,
          minmay_snake_entry_six_corridors, grunt_megastairs_2
Lair:3:   beargit_carnivore_pack, layout_cave_pods, lemuel_fruit_tree,
          serial_bayou_shore_a, uniq_josephine

Skill      XL: |  1  2  3  4  5  6  7  8  9 10 11 12 13 |
---------------+----------------------------------------+-----
Axes           | 2 3 |  3.6
Dodging        | 1 2 3 |  3.3
Fighting       | 4 5 6 7 9 10 11 12 | 12.0
Short Blades   | 1 4 6 8 10 12 14 | 14.0
Stealth        | 1 3 5 6 8 9 10 11 | 11.3
Armour         | 3 |  3.8
Shields        | 3 |  3.8
Shapeshifting  | |  0.2

Action                     |  1- 3 |  4- 6 |  7- 9 | 10-12 | 13-15 || total
---------------------------+-------+-------+-------+-------+-------++-------
  Melee: War axe           |    71 |    74 |       |       |       ||   145
         Tailslap          |    14 |    29 |    68 |   201 |    73 ||   385
         Pair of quick bla |       |   131 |   387 |   953 |   298 ||  1769
  Evoke: Wand              |       |       |       |     3 |       ||     3
         Phantom mirror    |       |       |       |     1 |       ||     1
    Use: Scroll            |       |     7 |     5 |     3 |     3 ||    18
         Potion            |       |     5 |     1 |     1 |     4 ||    11
   Stab: Sleeping          |       |     3 |     2 |    20 |     7 ||    32
         Distracted        |       |       |     2 |     4 |     2 ||     8
 Armour: Scale mail        |    47 |    17 |    57 |   129 |    30 ||   280
         Robe              |       |    24 |    18 |       |       ||    42
  Dodge: Dodged            |    38 |    97 |   104 |   153 |    56 ||   448
  Block: Buckler           |    19 |    21 |       |       |       ||    40
         Other             |       |     5 |    25 |    26 |    10 ||    66
   Form: Beast             |       |     2 |       |       |       ||     2
                           |       |     2 |       |       |       ||     2

Table legend: (Time is in decaauts)
 A = Elapsed time spent in this place.
 B = Non-inter-level travel time spent in this place.
 C = Inter-level travel time spent in this place.
 D = Time resting spent in this place.
 E = Time spent auto-exploring this place.
 F = Levels seen in this place.
 G = Mean time per level.
                   A        B        C        D        E       F      G
               +--------+--------+--------+--------+--------+-----+--------+
         Total |  13222 |  12629 |    593 |   1394 |   8809 |  15 |  881.5 |
       Dungeon |  10227 |   9651 |    576 |   1195 |   6687 |  11 |  929.7 |
        Temple |    329 |    329 |      0 |    199 |      0 |   1 |  329.0 |
          Lair |   2665 |   2649 |     16 |      0 |   2122 |   3 |  888.3 |
               +--------+--------+--------+--------+--------+-----+--------+

Top non-repeatable levels by time:
  Lair:1: 1482 daAuts
    D:10: 1449 daAuts
     D:5: 1394 daAuts
     D:1: 1127 daAuts
     D:8: 1090 daAuts
     D:3: 1015 daAuts
  Lair:2: 959 daAuts
     D:6: 936 daAuts
    D:11: 900 daAuts
     D:7: 761 daAuts
     D:4: 563 daAuts
     D:2: 520 daAuts
     D:9: 469 daAuts
  Temple: 329 daAuts
  Lair:3: 223 daAuts
